Description

puis construire les immortels et pilone en continu

VOD

https://www.youtube.com/watch?v=pI7q2gzH3SI

Replay - proxy double robot

Build Order

Get SALT Encoding   

  12  0:00  Probe (Chrono Boost)  
  13  0:11  Probe (Chrono Boost)  
  14  0:18  Pylon  
  14  0:22  Probe (Chrono Boost)  
  15  0:36  Probe (Chrono Boost)  
  15  0:38  Gateway  
  16  0:47  Probe (Chrono Boost)  
  16  0:48  Assimilator  
  17  0:55  Assimilator  
  17  0:57  Probe (Chrono Boost)  
  18  1:08  Probe (Chrono Boost)  
  20  1:18  Probe (Chrono Boost)  
  20  1:25  Cybernetics Core  
  20  1:29  Probe (Chrono Boost)  
  20  1:30  Pylon  
  21  1:34  Pylon  
  21  1:39  Probe (Chrono Boost)  
  22  1:50  Probe (Chrono Boost)  
  23  2:02  Adept (Chrono Boost)  
  23  2:06  Robotics Facility  
  25  2:13  Robotics Facility  
  25  2:25  Adept (Chrono Boost)  
  27  2:34  Mothership Core  
  29  2:53  Immortal (Chrono Boost)  
  33  3:05  Pylon  
  35  3:06  Warp Prism (Chrono Boost)  
  35  3:32  Immortal (Chrono Boost)  
  39  3:48  Pylon  
  43  3:49  Immortal (Chrono Boost)  
  41  4:14  Immortal (Chrono Boost)  
  43  4:28  Immortal (Chrono Boost)  
  43  4:48  Immortal (Chrono Boost)  
Spawning Tool Build Advisor. Get it on Overwolf

Go to:

Details

  • Created by: defer
  • Published on: Jul 08, 2017
  • Modified on: Jul 24, 2017
  • Patch: 3.15.0
Show
View Real Time Build Order
Export as new Build Order

Comments (0)

There are no comments. Be the first!

Create an account to comment!